 Dungeon Crawl Stone Soup version 0.29.1-2-gbd0b4ee654 (webtiles) character file.

Game seed: 13872476444014539054

416366 Labrat the Ruinous (level 21, -14/174 HPs)
             Began as a Demigod Conjurer on Nov 26, 2022.
             Killed from afar by a frost giant (38 damage)
             ... with a bolt of cold
             ... on level 2 of the Depths on Nov 30, 2022.
             The game lasted 04:19:11 (68715 turns).

Labrat the Ruinous (Demigod Conjurer)              Turns: 68715, Time: 04:19:13

Health: -14/174    AC: 14    Str: 19    XL:     21   Next: 60%
Magic:  0/57       EV: 11    Int: 53    God:
Gold:   4303       SH:  4    Dex:  8    Spells: 12/61 levels left

rFire   + . .      SeeInvis +   Q - +5 sling of Lupoz {venom, rPois rN+ Str+3 Dex-4}
rCold   . . .      Faith    .   n - +2 buckler {reflect}
rNeg    + . .      Spirit   +   Z - +4 moon troll leather armour {Spirit, Regen++ MP+5}
rPois   +          Reflect  +   v - +0 helmet
rElec   +          Harm     .   E - scarf {rC+ rF+}
rCorr   +          Rampage  .   A - +1 pair of gloves "Haecar" {rElec Will+ Int+3}
Will    ++++.                   a - +2 pair of boots
Stlth   +.........              R - amulet of magic regeneration
HPRegen 1.99/turn               p - ring "Gofayraek" {rPois rCorr Str+4 SInv}
MPRegen 0.75/turn               D - ring of Yfuiv {rC- Will+ Int+6}

@: about to teleport, marked, studying 4 skills
A: high MP 1, forlorn, divine attributes
}: 2/15 runes: decaying, serpentine
a: no special abilities


You were on level 2 of the Depths.
You visited 9 branches of the dungeon, and saw 40 of its levels.
You also visited: Trove, Gauntlet, Ice Cave and Wizlab.

You collected 6810 gold pieces.
You spent 2507 gold pieces at shops.

Inventory:

Hand Weapons
 Q - the +5 sling of Lupoz (weapon) {venom, rPois rN+ Str+3 Dex-4}
   (You found it on level 10 of the Dungeon)

   Any ammunition fired from it poisons the flesh of those it strikes.
   Str:       It affects your strength (+3).
   Dex:       It affects your dexterity (-4).
   rPois:     It protects you from poison.
   rN:        It protects you from negative energy.
Missiles
 d - 23 curare-tipped darts
 U - 5 silver javelins
 Y - 2 throwing nets
Armour
 a - a +2 pair of boots (worn)
 n - a +2 buckler of reflection (worn)
 v - a +0 helmet (worn)
 A - the +1 pair of gloves "Haecar" (worn) {rElec Will+ Int+3}
   (You acquired it on level 1 of the Depths)

   Int:       It affects your intelligence (+3).
   rElec:     It insulates you from electricity.
   Will:      It increases your willpower.
 E - a scarf of resistance (worn)
 G - the +1 pair of gloves "Izeos" {MP+9}
   (You found it in a treasure trove)

   MP:        It affects your magic capacity (+9).
 Z - the +4 moon troll leather armour (worn) {Spirit, Regen++ MP+5}
   (You took it off a deep elf zephyrmancer on level 3 of the Elven Halls)

   MP:        It affects your magic capacity (+5).
   Regen:     It increases your rate of health regeneration.
Jewellery
 p - the ring "Gofayraek" (left hand) {rPois rCorr Str+4 SInv}
   (You found it in a treasure trove)

   [ring of see invisible]

   Str:       It affects your strength (+4).
   rPois:     It protects you from poison.
   SInv:      It lets you see invisible.
   rCorr:     It protects you from acid and corrosion.
 x - a ring of wizardry
 D - the ring of Yfuiv (right hand) {rC- Will+ Int+6}
   (You found it in a treasure trove)

   [ring of willpower]

   Int:       It affects your intelligence (+6).
   rC:        It makes you vulnerable to cold.
   Will:      It increases your willpower.
 R - an amulet of magic regeneration (around neck)
Wands
 c - a wand of mindburst (28)
 u - a wand of polymorph (6)
 w - a wand of iceblast (49)
 z - a wand of light (16)
 B - a wand of flame (85)
 H - a wand of paralysis (50)
 K - a wand of digging (7)
Scrolls
 e - 2 scrolls of amnesia
 h - 7 scrolls of poison
 j - 8 scrolls of teleportation
 m - 5 scrolls of blinking
 s - 7 scrolls of magic mapping
 y - 8 scrolls of fog
 C - 2 scrolls of fear
 F - a scroll of enchant armour
 L - a scroll of enchant weapon
 V - 3 scrolls of summoning
Potions
 b - 6 potions of magic
 f - 8 potions of brilliance
 g - 9 potions of heal wounds
 i - 11 potions of curing
 k - 8 potions of haste
 o - 2 potions of resistance
 q - 2 potions of cancellation
 r - 5 potions of invisibility
 t - a potion of mutation
 I - 9 potions of might
 M - 11 potions of flight
 N - a potion of ambrosia
Miscellaneous
 l - a lightning rod (2/4)
 J - a box of beasts
 S - a phantom mirror
 T - a phial of floods
 W - a condenser vane (inert)


   Skills:
 - Level 12.0 Fighting
 - Level 3.0 Armour
 - Level 1.7 Dodging
 - Level 1.7 Stealth
 + Level 20.8 Spellcasting
 + Level 21.0 Conjurations
 - Level 8.0 Summonings
 - Level 3.0 Necromancy
 - Level 3.0 Translocations
 - Level 10.0 Fire Magic
 - Level 15.0 Earth Magic
 + Level 11.1 Evocations


You had 12 spell levels left.
You knew the following spells:

 Your Spells              Type           Power      Damage    Failure   Level
a - Iron Shot             Conj/Erth      64%        9d12      1%          6
b - Borgnjor's Vile Clut  Necr/Erth      50%        N/A       1%          5
c - Iskenderun's Mystic   Conj/Tloc      100%       2d19      1%          4
d - Mephitic Cloud        Conj/Pois/Air  92%        N/A       1%          3
e - Lee's Rapid Deconstr  Erth           60%        3d29*     1%          5
f - Spellforged Servitor  Conj/Summ      59%        N/A       1%          7
g - Hailstorm             Conj/Ice       100%       3d20      1%          4
i - Swiftness             Air            53%        N/A       1%          3
j - Fireball              Conj/Fire      60%        3d23      1%          5
k - Starburst             Conj/Fire      60%        6d16      1%          6
l - Magic Dart            Conj           100%       1d8       0%          1

Your spell library contained the following spells:

 Spells                   Type           Power      Damage    Failure   Level
 Foxfire                  Conj/Fire      100%       2x1d9     0%          1
 Sandblast                Erth           100%       2d20      0%          1
 Summon Small Mammal      Summ           100%       N/A       0%          1
 Searing Ray              Conj           100%       2d8       0%          2
 Static Discharge         Conj/Air       100%       3-16/arc  0%          2
 Conjure Flame            Conj/Fire      100%       6-21      0%          3
 Dazzling Flash           Conj/Hex       100%       N/A       0%          3
 Stone Arrow              Conj/Erth      100%       3d13      0%          3
 Flame Wave               Conj/Fire      100%       2d21      0%          4
 Sticky Flame             Conj/Fire      100%       2d11      0%          4
 Iskenderun's Battlesphe  Conj           100%       2d15      0%          5
 Apportation              Tloc           100%       N/A       1%          1
 Beastly Appendage        Tmut           100%       N/A       1%          1
 Necrotise                Necr           100%       1d9       1%          1
 Call Imp                 Summ           96%        N/A       1%          2
 Ensorcelled Hibernation  Hex/Ice        100%       N/A       1%          2
 Passwall                 Tmut/Erth      78%        N/A       1%          2
 Poisonous Vapours        Pois/Air       100%       N/A       1%          2
 Sublimation of Blood     Necr           72%        N/A       1%          2
 Wereblood                Tmut           53%        N/A       1%          2
 Call Canine Familiar     Summ           96%        N/A       1%          3
 Frozen Ramparts          Ice            100%       1d16      1%          3
 Gell's Gravitas          Tloc           72%        N/A       1%          3
 Ignite Poison            Fire/Tmut/Pois 74%        N/A       1%          3
 Inner Flame              Hex/Fire       83%        N/A       1%          3
 Lesser Beckoning         Tloc           72%        N/A       1%          3
 Spider Form              Tmut/Pois      53%        N/A       1%          3
 Summon Guardian Golem    Hex/Summ       78%        N/A       1%          3
 Teleport Other           Tloc           72%        N/A       1%          3
 Vampiric Draining        Necr           72%        2d11      1%          3
 Anguish                  Hex/Necr       31%        N/A       1%          4
 Animate Armour           Summ/Erth      100%       N/A       1%          4
 Animate Dead             Necr           72%        N/A       1%          4
 Dispel Undead            Necr           72%        3d24      1%          4
 Fulminant Prism          Conj/Hex       52%        3d23      1%          4
 Leda's Liquefaction      Hex/Erth       47%        N/A       1%          4
 Petrify                  Tmut/Erth      94%        N/A       1%          4
 Summon Ice Beast         Ice/Summ       78%        N/A       1%          4
 Freezing Cloud           Conj/Ice/Air   46%        6-21      1%          5
 Irradiate                Conj/Tmut      52%        3d29      1%          5
 Lightning Bolt           Conj/Air       52%        1d74      1%          5
 Summon Mana Viper        Hex/Summ       78%        N/A       1%          5
 Conjure Ball Lightning   Conj/Air       52%        3x3d18    1%          6
 Corpse Rot               Necr/Pois/Air  60%        N/A       2%          4
 Statue Form              Tmut/Erth      62%        N/A       2%          6
 Cause Fear               Hex            26%        N/A       3%          4
 Ice Form                 Ice/Tmut       53%        N/A       3%          4
 Agony                    Necr           72%        N/A       3%          5
 Blade Hands              Tmut           26%        N/A       11%         5
 Metabolic Englaciation   Hex/Ice        26%        N/A       11%         5
 Silence                  Hex/Air        26%        N/A       11%         5
 Monstrous Menagerie      Summ           48%        N/A       12%         7
 Summon Hydra             Summ           48%        N/A       12%         7
 Death Channel            Necr           36%        N/A       17%         6
 Dispersal                Tloc           36%        N/A       17%         6
 Simulacrum               Ice/Necr       31%        N/A       32%         6
 Haunt                    Necr/Summ      42%        N/A       34%         7
 Ignition                 Fire           51%        3d14      38%         8
 Summon Horrible Things   Summ           48%        N/A       67%         8
 Dragon Form              Tmut           26%        N/A       97%         7
 Discord                  Hex            26%        N/A       100%        8
 Disjunction              Tloc           36%        N/A       100%        8
 Infestation              Necr           36%        N/A       100%        8
 Maxwell's Capacitive Co  Air            26%        ∞         100%        8
 Dragon's Call            Summ           48%        N/A       100%        9


Dungeon Overview and Level Annotations

Branches:
Dungeon (15/15)            Temple (1/1) D:6            Lair (5/5) D:8
  Swamp (4/4) Lair:2        Snake (4/4) Lair:3        Slime (0/5) Lair:4
    Orc (2/2) D:12            Elf (3/3) Orc:2        Vaults (4/5) D:13
  Crypt (0/3) Vaults:2     Depths (2/4) D:15          IceCv (visited)
 WizLab (visited)         Gauntlet (visited)

Shops:
D:12 [   Orc:2 :[?(   Elf:2 [   Elf:3 **   Snake:2 :[=[   Snake:3 *
Snake:4 :=:   Vaults:1 (   Vaults:3 :   Depths:1 *:*

Portals:
Hell: Depths:1
Ziggurat: Depths:2

Annotations:
Vaults:3 2 transporters, 36 runed doors, jlumianski's ghost, veteran KoBe


Innate Abilities, Weirdness & Mutations

You have an increased reservoir of magic. (+10% MP)
You shall have no god before yourself.
Your divine heritage dramatically boosts your attributes as you level up.


Message History

The thunderbolt hits the stone giant!
The stone giant is almost dead.
The spriggan berserker is engulfed in blazing flames.
The spriggan berserker prays to Trog.
The death yak goes berserk!
The stone giant is engulfed in blazing flames.
You kill the stone giant!
The frost giant is engulfed in blazing flames.
The frost giant hits you with a +2 battleaxe of freezing!!
The frost giant freezes you!
* * * LOW HITPOINT WARNING * * *
Unknown command.
As you read the scroll of teleportation, it crumbles to dust.
You feel strangely unstable.
The spriggan berserker is engulfed in blazing flames.
The death yak is engulfed in blazing flames.
The frost giant is engulfed in blazing flames.
The frost giant hits you with a +2 battleaxe of freezing!
* * * LOW HITPOINT WARNING * * *
The frost giant freezes you.
* * * LOW HITPOINT WARNING * * *
A titan comes into view.
The spriggan berserker is engulfed in blazing flames.
You kill the spriggan berserker!
The death yak is no longer berserk.
The death yak disappears in a puff of smoke!
Your Conjurations skill increases to level 21!
Aiming: Thunderbolt
Press: ? - help, Shift-Dir - straight line, f - frost giant, p - tengu warrior
Aim: a frost giant, wielding a +2 battleaxe of freezing (flame, severely wounded)
The thunderbolt hits the frost giant.
The frost giant is severely wounded.
The titan is engulfed in blazing flames.
The titan waves its arms in wide circles.
The air twists around and strikes you!
* * * LOW HITPOINT WARNING * * *
The frost giant is engulfed in blazing flames.
The frost giant points at you and mumbles some strange words.
The bolt of cold hits you!!!
You die...

#......#.#....#
######.#.#....#
#.#.)....+
##.#.#....#
#..####C###
#....#.§§.#
#..#.###§##
##.#...§C§#
#.)######@#######.
#)'# ###.........
♣♣♣..♣♣♣#...........
♣......♣########.###
♣.⌠..⌠.♣ # ♣......♣
♣......♣ ♣.⌠..⌠.♣
♣......♣


You could see a titan and a frost giant.

Vanquished Creatures
  A juggernaut (Depths:2)
  the Lernaean hydra (Swamp:3)
  Saint Roka (Vaults:3)
  Nikola (Swamp:3)
  Jory (Vaults:3)
  Mlioglotl (Swamp:4)
  Asterion (Snake:4)
  A lich (Depths:2)
  A quicksilver dragon (Vaults:4)
  2 titans (Depths:2)
  4 deep elf blademasters
  4 deep elf master archers
  A sphinx (Vaults:4)
  2 thorn hunters (WizLab)
  A tengu reaver (Depths:2)
  Roxanne (Snake:2)
  3 fenstrider witches (WizLab)
  2 fire giants (Depths:2)
  10 nagarajas
  5 deep elf sorcerers
  Louise (Elf:2)
  A frost giant (Depths:2)
  Aizul (Snake:3)
  11 vault wardens
  11 very ugly things
  5 deep elf elementalists (Elf:3)
  A ghoul (Vaults:2)
  4 war gargoyles
  14 ironbound preservers
  9 stone giants
  2 reapers (IceCv)
  Nessos (D:14)
  A spriggan defender (Depths:2)
  8 ironbound thunderhulks
  5 eleionomae
  A vampire knight (Depths:2)
  6 deep elf annihilators (Elf:3)
  13 dire elephants
  3 entropy weavers
  A minotaur (Gauntlet)
  7 spark wasps
  3 bunyips
  10 deep elf demonologists
  The ghost of duchin the Marksoctopus, a journeyman OpHu of Ashenzari (Lair:3)
  A deep elf death mage (Elf:3)
  2 crystal guardians (Vaults:3)
  A merfolk javelineer (Depths:1)
  3 fire dragons
  6 ettins
  Josephine (Lair:5)
  The ghost of Voffim the Ninja, a journeyman SpAE of Dithmenos (Snake:3)
  2 shambling mangroves
  3 jiangshi (Depths:1)
  A merfolk impaler (Depths:1)
  4 deep elf high priests (Elf:3)
  8 yaktaur captains
  3 great orbs of eyes
  3 rakshasas
  2 salamander tyrants
  Erolcha (Orc:2)
  7 vault guards
  3 boulder beetles
  3 ice dragons
  Fannar (Lair:2)
  22 hydras
  7 ironbound frosthearts
  2 catoblepae
  4 peacekeepers
  2 ogre magi
  12 centaur warriors
  An alligator (Swamp:3)
  15 naga warriors
  11 anacondas
  2 deep troll shamans (Depths:2)
  13 two-headed ogres
  23 dancing weapons
  9 death yaks
  6 satyrs (WizLab)
  2 deep troll earth magi (Depths:1)
  5 tengu warriors
  Urug (Lair:4)
  3 orc high priests
  2 spriggan berserkers (Depths:2)
  18 deep elf knights
  21 naga sharpshooters
  A vampire mage (Depths:1)
  11 hell knights
  15 spriggans
  8 shock serpents
  An iron troll (Depths:1)
  A fire crab (shapeshifter) (D:15)
  8 salamander mystics
  9 skeletal warriors
  A storm dragon skeleton (Vaults:2)
  Amaemon (D:10)
  A swamp dragon (shapeshifter) (Depths:2)
  3 goliath frogs
  2 spriggan druids
  33 deep trolls
  22 deep elf archers
  2 glowing orange brains
  5 bog bodies
  13 swamp dragons
  11 wizards
  3 obsidian statues
  An orange crystal statue (IceCv)
  7 necromancers
  4 spriggan simulacra (IceCv)
  13 naga ritualists
  17 lindwurms
  2 phantasmal warriors (Vaults:2)
  31 deep elf pyromancers
  12 ironbound convokers
  2 stone giant zombies (Vaults:2)
  30 deep elf zephyrmancers
  3 orc knights (Orc:1)
  13 mana vipers
  2 cyclopes
  4 manticores
  3 fauns (WizLab)
  2 oklob plants (WizLab)
  21 salamanders
  8 elephants (Lair:5)
  2 will-o-the-wisps
  13 orc sorcerers
  29 ugly things
  40 black mambas
  A faun (shapeshifter) (Elf:1)
  3 rust devils
  10 naga magi
  A titan simulacrum (Vaults:3)
  A centaur zombie (D:15)
  15 vault sentinels
  9 guardian serpents
  2 orange demons
  3 molten gargoyles (Lair:5)
  2 gargoyles
  29 yaktaurs
  A torpor snail (Lair:1)
  14 cane toads
  4 kobold demonologists
  2 efreet (D:14)
  2 centaur skeletons (D:15)
  6 freezing wraiths
  13 komodo dragons
  2 ice devils (IceCv)
  6 meliai (D:15)
  4 red devils (D:12)
  7 trolls
  A bloated husk (Swamp:1)
  3 polar bears
  8 tyrant leeches
  15 hornets
  3 blink frogs (Lair:3)
  4 human skeletons
  21 slime creatures
  2 raiju (Gauntlet)
  2 air elementals
  A culicivora (shapeshifter) (Elf:2)
  A shadow (D:10)
  2 centaur simulacra (D:15)
  2 dire elephant simulacra (IceCv)
  39 yaks
  6 wraiths
  9 wyverns
  A ynoxinul (Gauntlet)
  11 water elementals
  4 humans (D:10)
  Eustachio (D:6)
  6 basilisks
  2 steam dragons
  6 fire elementals
  7 vampire mosquitoes
  2 redbacks (Vaults:1)
  4 minotaur simulacra (IceCv)
  6 wargs
  12 swamp worms
  An acid dragon (D:9)
  33 nagas
  A floating eye (Depths:1)
  A glowing shapeshifter skeleton (Vaults:2)
  12 hell hounds
  26 water moccasins
  4 black bears
  A sky beast (D:7)
  8 swamp drakes
  18 orc warriors
  An alligator simulacrum (IceCv)
  8 wolves
  9 ogres
  A boggart (Lair:3)
  9 centaurs
  6 kobold brigands
  A phantom (D:4)
  10 bullfrogs
  Blork the orc (D:6)
  2 gnoll sergeants
  4 scorpions
  2 deep troll simulacra (IceCv)
  A necrophage (D:4)
  4 earth elementals
  7 killer bees
  4 lindwurm simulacra (IceCv)
  3 electric eels (Lair:2)
  2 howler monkeys
  7 lava snakes
  7 hounds
  2 jellies (D:5)
  17 orc priests
  2 iron imps (Gauntlet)
  7 iguanas
  35 orc wizards
  2 lightning spires (Gauntlet)
  6 adders
  11 gnolls
  A shadow imp (D:6)
  A white imp (D:7)
  2 ufetubi
  3 worms
  A dart slug (D:3)
  71 orcs
  5 bats
  4 endoplasms
  3 giant cockroaches
  16 goblins
  9 hobgoblins
  6 jackals
  25 kobolds
  3 quokkas
  6 ball pythons
  5 frilled lizards
  2 rats
1568 creatures vanquished.

Vanquished Creatures (collateral kills)
  Sojobo (Vaults:3)
  2 tengu reavers (Vaults:3)
  A storm dragon (Vaults:2)
  A vault warden (Vaults:3)
  An ironbound frostheart (Vaults:3)
  A deep troll (Vaults:3)
  An ironbound convoker (Vaults:3)
  2 ugly things
10 creatures vanquished.

Vanquished Creatures (others)
  A great orb of eyes (D:12)
  A bog body (Swamp:1)
  A water elemental (Elf:1)
  A bush (D:8)
  2 foxfires (Swamp:3)
  58 fungi
  97 plants
161 creatures vanquished.

Grand Total: 1739 creatures vanquished

Notes
Turn   | Place    | Note
-------+----------+-------------------------------------------
     0 | D:1      | Labrat the Demigod Conjurer began the quest for the Orb.
     0 | D:1      | Reached XP level 1. HP: 14/14 MP: 5/5
   320 | D:1      | Reached XP level 2. HP: 20/20 MP: 4/7
   325 | D:1      | Learned a level 2 spell: Searing Ray
   740 | D:1      | Reached skill level 4 in Conjurations
  1211 | D:2      | Reached XP level 3. HP: 18/26 MP: 1/9
  2494 | D:3      | Reached XP level 4. HP: 33/33 MP: 9/11
  3825 | D:4      | Noticed a phantom
  3831 | D:4      | Killed a phantom
  3832 | D:4      | Reached skill level 5 in Conjurations
  3832 | D:4      | Reached XP level 5. HP: 38/38 MP: 5/13
  4323 | D:4      | Reached XP level 6. HP: 45/45 MP: 8/15
  5114 | D:5      | Entered Level 5 of the Dungeon
  5213 | D:5      | Reached skill level 6 in Conjurations
  5379 | D:5      | Reached skill level 5 in Spellcasting
  5379 | D:5      | Reached XP level 7. HP: 50/50 MP: 7/18
  6669 | D:6      | Reached skill level 7 in Conjurations
  6840 | D:6      | Noticed Blork the orc
  6972 | D:6      | Found a staircase to the Ecumenical Temple.
  6981 | Temple   | Entered the Ecumenical Temple
  7006 | D:6      | Killed Blork the orc
  7216 | D:6      | Reached XP level 8. HP: 48/57 MP: 8/20
  7323 | D:6      | Noticed Eustachio
  7822 | D:6      | Killed Eustachio
  7937 | D:6      | Learned a level 4 spell: Iskenderun's Mystic Blast
  8306 | D:7      | Reached skill level 8 in Conjurations
  9016 | D:8      | Reached skill level 1 in Fighting
  9016 | D:8      | Reached skill level 1 in Evocations
  9215 | D:8      | Reached XP level 9. HP: 59/64 MP: 21/25
 10091 | D:7      | Reached skill level 5 in Fighting
 10091 | D:7      | Reached skill level 5 in Evocations
 10577 | D:8      | Identified the ring of the Heavens {rElec Int+6}
 10791 | D:8      | Found a staircase to the Lair.
 11480 | D:9      | Reached XP level 10. HP: 81/81 MP: 20/26
 11535 | D:9      | Reached skill level 1 in Armour
 11591 | D:9      | Noticed a two-headed ogre
 11601 | D:9      | Killed a two-headed ogre
 12140 | D:9      | Reached skill level 9 in Conjurations
 12749 | D:10     | Entered Level 10 of the Dungeon
 13054 | D:10     | Noticed Amaemon
 13067 | D:10     | Killed Amaemon
 13068 | D:10     | Reached skill level 10 in Conjurations
 13224 | D:10     | Noticed a rust devil
 13522 | D:10     | Reached XP level 11. HP: 86/86 MP: 18/29
 13592 | D:10     | Identified the +5 sling of Lupoz {venom, rPois rN+ Str+3
                  | Dex-4}
 13825 | D:10     | Reached skill level 10 in Spellcasting
 14169 | D:10     | Noticed Maurice
 14171 | D:10     | Noticed Maurice
 14171 | D:10     | Maurice changed into Maurice the warg
 14180 | D:10     | Killed Maurice the warg
 14580 | D:11     | Noticed a two-headed ogre
 14685 | D:11     | Noticed a skeletal warrior
 14694 | D:11     | Noticed a skeletal warrior
 14830 | Lair:1   | Entered Level 1 of the Lair of Beasts
 14839 | Lair:1   | Noticed a death yak
 14843 | Lair:1   | Noticed a death yak
 14866 | D:8      | Killed a death yak
 14992 | D:8      | Killed a death yak
 15087 | Lair:1   | Reached skill level 11 in Conjurations
 15366 | Lair:1   | Noticed an eight-headed hydra
 15375 | Lair:1   | Killed an eight-headed hydra
 15376 | Lair:1   | Reached skill level 1 in Translocations
 15962 | Lair:1   | Noticed a five-headed hydra
 15974 | Lair:1   | Killed a five-headed hydra
 16610 | Lair:2   | Noticed Fannar
 16619 | Lair:2   | Killed Fannar
 17019 | Lair:2   | Reached XP level 12. HP: 94/94 MP: 13/32
 17020 | Lair:2   | Reached skill level 12 in Conjurations
 17182 | Lair:2   | Found a staircase to the Swamp.
 18119 | Lair:3   | Noticed a catoblepas
 18130 | Lair:3   | Killed a catoblepas
 18202 | Lair:3   | Found a runed translucent door.
 18204 | Lair:3   | Identified the +6 spear "Deres" {vorpal, Fly rN+++ Will-
                  | Int-5}
 18206 | Lair:3   | Noticed duchin's ghost (journeyman OpHu)
 18276 | Lair:3   | Identified the +4 hand axe "Ikhlualie" {flame, rElec rC++
                  | Str-4}
 18309 | Lair:3   | Found a staircase to the Snake Pit.
 18868 | Lair:3   | Reached skill level 1 in Earth Magic
 19675 | Lair:4   | Learned a level 3 spell: Mephitic Cloud
 19681 | Lair:4   | Learned a level 5 spell: Lee's Rapid Deconstruction
 19941 | Lair:4   | Noticed Urug
 19954 | Lair:4   | Killed Urug
 19955 | Lair:4   | Reached skill level 5 in Earth Magic
 20360 | Lair:4   | Found a staircase to the Slime Pits.
 20889 | Lair:5   | Entered Level 5 of the Lair of Beasts
 20907 | Lair:5   | Noticed a seven-headed hydra
 20915 | Lair:4   | Reached XP level 13. HP: 49/107 MP: 13/34
 22123 | Lair:5   | Noticed Josephine
 22138 | Lair:5   | Killed Josephine
 22469 | Lair:5   | Reached skill level 13 in Conjurations
 22881 | Lair:5   | Found a large runed translucent door.
 22881 | Lair:5   | Found a large runed translucent door.
 22896 | Lair:5   | HP: 4/107 [molten gargoyle/bolt of magma (15)]
 26421 | D:12     | Found a staircase to the Orcish Mines.
 26698 | D:12     | Reached skill level 14 in Conjurations
 27140 | D:12     | Found Ejuteph's Armour Boutique.
 27493 | D:12     | Reached XP level 14. HP: 79/115 MP: 37/37
 28495 | D:12     | Found a runed translucent door.
 30285 | D:13     | Found a gate to the Vaults.
 30362 | D:14     | Noticed Nessos
 30396 | D:14     | Found a gate leading to a gauntlet.
 30404 | D:14     | Reached skill level 15 in Conjurations
 30408 | Gauntlet | Entered a Gauntlet
 30408 | Gauntlet | Found a transporter.
 30408 | Gauntlet | Found a transporter.
 30709 | Gauntlet | Found a transporter.
 30713 | Gauntlet | Found a transporter.
 30723 | Gauntlet | Found a transporter.
 30723 | Gauntlet | Found the +8 autumn katana {vorpal, manifold assault}
 30727 | Gauntlet | Found a transporter.
 30739 | Gauntlet | Found a transporter.
 30759 | Gauntlet | Found a transporter.
 30764 | Gauntlet | Found a transporter.
 30769 | Gauntlet | Found a transporter.
 30770 | Gauntlet | Found a runed translucent gate.
 30771 | Gauntlet | Found a large runed translucent door.
 30771 | Gauntlet | Found a large runed translucent door.
 30772 | Gauntlet | Found a large runed translucent door.
 30773 | Gauntlet | Found a large runed translucent door.
 30774 | Gauntlet | Found a large runed translucent door.
 30774 | Gauntlet | Found a large runed translucent door.
 30774 | Gauntlet | Found a runed translucent door.
 30775 | Gauntlet | Found a large runed translucent door.
 30776 | Gauntlet | Found a large runed translucent door.
 30783 | Gauntlet | Found a transporter.
 30783 | Gauntlet | Found a transporter.
 30783 | Gauntlet | Found a runed translucent gate.
 30784 | Gauntlet | Found a runed translucent door.
 30784 | Gauntlet | Found a runed translucent gate.
 30785 | Gauntlet | Found a large runed translucent door.
 30785 | Gauntlet | Found a large runed translucent door.
 30785 | Gauntlet | Found a large runed translucent door.
 30785 | Gauntlet | Found a large runed translucent door.
 30820 | Gauntlet | Found a large runed translucent door.
 30820 | Gauntlet | Found a large runed translucent door.
 30823 | Gauntlet | Found a large runed translucent door.
 30823 | Gauntlet | Found a large runed translucent door.
 31031 | Gauntlet | Identified the ring "Bathaveq" {rF+ rCorr Str+4 Int-4
                  | Slay+3}
 31083 | Gauntlet | Got Vehumet's Incunabulum of Combat Magic
 31089 | Gauntlet | Learned a level 3 spell: Stone Arrow
 31094 | Gauntlet | Learned a level 4 spell: Hailstorm
 31100 | Gauntlet | Learned a level 5 spell: Iskenderun's Battlesphere
 31285 | D:14     | Reached skill level 15 in Spellcasting
 32391 | D:14     | Killed Nessos
 33405 | D:15     | Entered Level 15 of the Dungeon
 33883 | D:15     | Reached XP level 15. HP: 121/121 MP: 20/39
 35046 | D:15     | Found a staircase to the Depths.
 35171 | Orc:1    | Entered Level 1 of the Orcish Mines
 35474 | Orc:1    | Found a transporter.
 35474 | Orc:1    | Found a transporter.
 35541 | Orc:2    | Entered Level 2 of the Orcish Mines
 35541 | Orc:2    | Found a staircase to the Elven Halls.
 36035 | Orc:2    | Found Toraff's Magic Scroll Emporium.
 36232 | Orc:2    | Noticed Erolcha
 36239 | Orc:2    | Killed Erolcha
 36258 | Orc:2    | Reached skill level 10 in Evocations
 36320 | Orc:2    | Found Omoegal's Book Emporium.
 36390 | Orc:2    | Bought a manual of Conjurations for 1120 gold pieces
 36439 | Orc:2    | Found Udyttu's Antique Weapon Shoppe.
 36451 | Orc:2    | Found Daafent's Antique Armour Shoppe.
 36967 | Elf:1    | Entered Level 1 of the Elven Halls
 37594 | Elf:1    | Got Somenouz's Octavo of Apparitions
 37606 | Elf:1    | Reached skill level 16 in Conjurations
 38604 | Elf:2    | HP: 6/121 [hell beast[a deep elf demonologist] (6)]
 39024 | Elf:2    | Reached skill level 17 in Conjurations
 39080 | Elf:2    | Reached XP level 16. HP: 128/128 MP: 31/41
 39250 | Elf:2    | Identified the +1 whip of Disembowelment {flame, rC+ Will+
                  | Dex+6}
 39271 | Elf:2    | Found a runed translucent gate.
 39272 | Elf:2    | Found a runed translucent gate.
 39272 | Elf:2    | Found a runed translucent gate.
 39352 | Elf:2    | Found Baal's Dragon-Slaying Spoils.
 39838 | Elf:2    | Learned a level 3 spell: Swiftness
 39966 | Elf:2    | Reached skill level 18 in Conjurations
 39970 | Elf:2    | Noticed a deep elf blademaster
 39974 | Elf:2    | Killed a deep elf blademaster
 40027 | Elf:2    | Noticed Louise
 40069 | Elf:2    | Killed Louise
 40630 | Elf:3    | Entered Level 3 of the Elven Halls
 41210 | Elf:3    | Found Leleem's Elven Fire.
 41278 | Elf:3    | Reached skill level 19 in Conjurations
 41535 | Elf:3    | Found Baigyir's General Store.
 42341 | Elf:3    | Identified the +0 leather armour of the Forest {Str-4 Int+4
                  | Dex+9}
 42346 | Elf:3    | Noticed a deep elf blademaster
 42347 | Elf:3    | Noticed a deep elf blademaster
 42347 | Elf:3    | Noticed a deep elf master archer
 42351 | Elf:3    | Identified the +5 scale mail "Ewka" {+Inv Str+4 Slay-6}
 42351 | Elf:3    | Noticed a deep elf blademaster
 42351 | Elf:3    | Killed a deep elf blademaster
 42351 | Elf:3    | Killed a deep elf master archer
 42353 | Elf:3    | Killed a deep elf blademaster
 42357 | Elf:3    | Killed a deep elf blademaster
 42358 | Elf:3    | Reached XP level 17. HP: 134/134 MP: 4/44
 42512 | Elf:3    | Identified the +6 pearl dragon scales "Dohaku" {rN+ rCorr
                  | Str+3 Stlth+}
 42680 | Elf:3    | Identified the +5 dagger of Tuvaagru {spect, Dex+2}
 42996 | Elf:3    | Got the Spellbook of Hexing
 43027 | Elf:3    | Identified the +1 leather armour of Action {Str+7 Dex+4
                  | Stlth+}
 43904 | D:12     | Reached skill level 20 in Conjurations
 43990 | D:12     | Identified a scroll of acquirement
 44050 | D:12     | Learned a level 5 spell: Borgnjor's Vile Clutch
 44056 | D:12     | Learned a level 5 spell: Fireball
 44063 | D:12     | Learned a level 6 spell: Starburst
 44370 | Lair:3   | Killed duchin's ghost
 44701 | Orc:1    | Identified the +0 hat of Rubit {Rampage Drain rElec Dex+4}
 45059 | Swamp:1  | Entered Level 1 of the Swamp
 45219 | Swamp:1  | Identified the +0 leather armour "Tigaoc" {Str+3 Slay+2}
 45941 | Swamp:2  | Reached skill level 1 in Necromancy
 45942 | Swamp:2  | Reached skill level 1 in Fire Magic
 45954 | Swamp:2  | Reached skill level 10 in Fighting
 46483 | Swamp:3  | Noticed Nikola
 46502 | Swamp:3  | Killed Nikola
 47163 | Swamp:4  | Entered Level 4 of the Swamp
 47163 | Swamp:4  | Noticed Mlioglotl
 47257 | Swamp:4  | Noticed a Hell Sentinel
 47257 | Swamp:4  | Killed Mlioglotl
 47420 | Swamp:4  | Noticed the 27-headed Lernaean hydra
 47643 | Swamp:3  | Killed the 27-headed Lernaean hydra
 47644 | Swamp:3  | Reached XP level 18. HP: 149/149 MP: 33/46
 48342 | Swamp:4  | Got a decaying rune of Zot
 48579 | D:13     | Acquired a book of Iron
 48588 | D:13     | Learned a level 6 spell: Iron Shot
 48750 | Snake:1  | Entered Level 1 of the Snake Pit
 49841 | Snake:2  | Identified Roxanne's Catalogue of Geology
 49841 | Snake:2  | Noticed Roxanne
 49846 | Snake:2  | Killed Roxanne
 49847 | Snake:2  | Reached skill level 5 in Fire Magic
 50008 | Snake:2  | Reached skill level 10 in Earth Magic
 50189 | Snake:2  | Found a transporter.
 50190 | Snake:2  | Got the Meditations on Transformed Production
 50300 | Snake:2  | Identified the +0 robe of the Saviour {rN+ Dex+6}
 50337 | Snake:2  | Found a transporter.
 50468 | Snake:2  | Found Kotid's Antique Armour Shop.
 50518 | Snake:2  | Found Boimn's Jewellery Emporium.
 50589 | Snake:2  | Found Usauw's Armour Emporium.
 50614 | Snake:2  | Found Maeneoca's Book Shop.
 50617 | Snake:2  | Found Jutonatzi's Armour Shop.
 51269 | Snake:3  | Found a frozen archway.
 51278 | IceCv    | Entered an ice cave
 52057 | Snake:3  | Noticed Aizul
 52160 | Snake:3  | Killed Aizul
 52340 | Snake:3  | Found Kaevivep's General Store.
 53083 | Snake:3  | Found a runed translucent gate.
 53083 | Snake:3  | Found a runed translucent gate.
 53100 | Snake:3  | Found a runed translucent gate.
 53101 | Snake:3  | Noticed Voffim's ghost (journeyman SpAE)
 53828 | Snake:3  | Killed Voffim's ghost
 53890 | Snake:4  | Entered Level 4 of the Snake Pit
 53890 | Snake:4  | Noticed Asterion
 53900 | Snake:4  | Killed Asterion
 54202 | Snake:4  | Reached XP level 19. HP: 132/160 MP: 15/47
 55613 | Snake:4  | Found Jal Zowi's Book Shop.
 55615 | Snake:4  | Found Oguig's Jewellery Shoppe.
 55616 | Snake:4  | Found Liataz's Book Shop.
 55715 | Snake:4  | Got a serpentine rune of Zot
 56122 | Snake:4  | Bought a manual of Necromancy for 1200 gold pieces
 56130 | Snake:4  | Learned a level 7 spell: Spellforged Servitor
 56393 | Vaults:1 | Entered Level 1 of the Vaults
 56457 | Vaults:1 | Reached skill level 1 in Summonings
 57788 | Vaults:1 | Found Luwyt's Weapon Shoppe.
 58798 | Vaults:2 | Identified the +2 spear of Pestilence {antimagic, rF+
                  | rCorr}
 59009 | Vaults:2 | Found a staircase to the Crypt.
 59329 | Vaults:2 | Reached XP level 20. HP: 168/168 MP: 18/49
 59481 | Vaults:2 | Reached skill level 5 in Summonings
 60458 | Vaults:3 | Reached skill level 10 in Fire Magic
 60595 | Vaults:3 | Noticed Saint Roka
 60657 | Vaults:3 | Killed Saint Roka
 60826 | Vaults:3 | Found a transporter.
 60830 | Vaults:3 | Noticed a dread lich
 60832 | Vaults:3 | Noticed jlumianski's ghost (veteran KoBe)
 60954 | Vaults:3 | Found a huge runed gate.
 60954 | Vaults:3 | Found a huge runed gate.
 60954 | Vaults:3 | Found a huge runed gate.
 60955 | Vaults:3 | Found a huge runed gate.
 60955 | Vaults:3 | Found a huge runed gate.
 60955 | Vaults:3 | Found a huge runed gate.
 60955 | Vaults:3 | Found a huge runed gate.
 60955 | Vaults:3 | Found a huge runed gate.
 60955 | Vaults:3 | Found a huge runed gate.
 60957 | Vaults:3 | Found a huge runed gate.
 60957 | Vaults:3 | Found a huge runed gate.
 60965 | Vaults:3 | Found a huge runed gate.
 60965 | Vaults:3 | Found a huge runed gate.
 60965 | Vaults:3 | Found a huge runed gate.
 60970 | Vaults:3 | Found a huge runed gate.
 60970 | Vaults:3 | Found a huge runed gate.
 60970 | Vaults:3 | Found a huge runed gate.
 60970 | Vaults:3 | Found a huge runed gate.
 60970 | Vaults:3 | Found a huge runed gate.
 60970 | Vaults:3 | Found a huge runed gate.
 60971 | Vaults:3 | Found a huge runed gate.
 60972 | Vaults:3 | Found a huge runed gate.
 60973 | Vaults:3 | Found a huge runed gate.
 60981 | Vaults:3 | Found a huge runed gate.
 60981 | Vaults:3 | Found a huge runed gate.
 60981 | Vaults:3 | Found a huge runed gate.
 60981 | Vaults:3 | Found a huge runed gate.
 60981 | Vaults:3 | Found a huge runed gate.
 60981 | Vaults:3 | Found a huge runed gate.
 60982 | Vaults:3 | Found a huge runed gate.
 60983 | Vaults:3 | Found a huge runed gate.
 60984 | Vaults:3 | Found a huge runed gate.
 60992 | Vaults:3 | Found a huge runed gate.
 60992 | Vaults:3 | Found a huge runed gate.
 60992 | Vaults:3 | Found a huge runed gate.
 60992 | Vaults:3 | Found a huge runed gate.
 61453 | Vaults:3 | Noticed Jory
 61460 | Vaults:3 | Killed Jory
 61827 | Vaults:3 | Found Oneerent's Book Boutique.
 61884 | Vaults:3 | Found a transporter.
 61955 | Vaults:3 | Noticed Sojobo
 61994 | Vaults:3 | Killed Sojobo
 62056 | Vaults:3 | Found a portal to a secret trove of treasure.
 63317 | Vaults:3 | You paid a toll of a +5 demon whip to enter a treasure
                  | trove
 63318 | Trove    | Entered a treasure trove
 63325 | Trove    | Identified the ring "Gofayraek" {rPois rCorr Str+4 SInv}
 63337 | Trove    | Identified the +1 scale mail of Vlad {SInv}
 63341 | Trove    | Identified the ring of Yfuiv {rC- Will+ Int+6}
 63345 | Trove    | Identified the +1 pair of gloves "Izeos" {MP+9}
 63903 | Vaults:4 | Found a magical portal.
 63912 | WizLab   | Entered Eringya's Formal Garden
 64302 | WizLab   | Reached skill level 15 in Earth Magic
 64895 | WizLab   | Identified the +12 quarterstaff of Resumed Hostilities
                  | {spect, Int+3}
 65251 | Vaults:4 | Reached XP level 21. HP: 157/174 MP: 36/51
 66509 | Depths:1 | Entered Level 1 of the Depths
 66782 | Depths:1 | Found Umagar's Assorted Antiques.
 66786 | Depths:1 | Bought a scroll of blinking for 187 gold pieces
 66789 | Depths:1 | Found Veura's General Store.
 66799 | Depths:1 | Found Vetoita's Book Shoppe.
 67279 | Depths:1 | Found a gateway to Hell.
 67497 | Depths:1 | Found the +3 pair of seven-league boots {Rampage+∞}
 67656 | Depths:1 | Acquired the +1 pair of gloves "Haecar" {rElec Will+ Int+3}
 68048 | Depths:2 | Found a one-way gateway to a ziggurat.
 68415 | Depths:2 | Noticed a juggernaut
 68421 | Depths:2 | Killed a juggernaut
 68715 | Depths:2 | Reached skill level 21 in Conjurations
 68715 | Depths:2 | Killed from afar by a frost giant

Illustrated notes

Levels and vault maps discovered:
D:1:      nzn_arrival_depleted_hourglass, layout_rooms,
          shapermc_ecumenical_altar_pompeii, chequers_serial_rivers_micro_b
D:2:      layout_basic, kennysheep_generic_room_3
D:3:      layout_basic, nicolae_overflow_ecumenical_swirl,
          minmay_misc_feat_rugged
D:4:      layout_cave_pods
D:5:      layout_loops_ring, lemuel_coloured_pillars_altar, old_standard_altar
D:6:      layout_basic, minmay_temple_entry_antechambers, uniq_blork_the_orc,
          uniq_eustachio
D:7:      layout_basic, minitemple
D:8:      layout_loops_ring, minmay_lair_entry_grove, unseen_surprise_small
D:9:      layout_cave_pools, grunt_qazlal_sundering
D:10:     nicolae_cairo_tiling_very_big, layout_loops_cross, fedhas_altar_4,
          minmay_ruffians, uniq_maurice, uniq_amaemon
D:11:     layout_loops_ring
D:12:     mludivico_vault, layout_long_grid, erik_orc_3, serial_shops,
          kennysheep_mini, einodemon_armed_red_devil_minivault
D:13:     layout_loops_ring, david_vaults_1, chequers_avenue,
          minmay_lindwurm_lava
D:14:     layout_long_grid, serial_park_gazebo [serial_park_minivault_5x5_2],
          gauntlet_entry_generic, kennysheep_opposing_triangles, uniq_nessos
D:15:     grunt_enter_depths_magical_seal, layout_long_grid, vehumet_crystals
Temple:   nicolae_temple_god_jail
Lair:1:   layout_chaotic_city, beast_lair_carwin_8, grunt_megastairs_5
Lair:2:   layout_gridlike, swamp_mist_pool, amcnicky_mini_pool_medium,
          uniq_fannar
Lair:3:   layout_roguey, minmay_snake_entry_six_corridors,
          ebering_ghost_funeral_grove
Lair:4:   layout_hall_layers, dpeg_slime_entry_enclosed, uniq_urug
Lair:5:   cheibrodos_lair_end_hotspot, layout_small_grid, uniq_josephine
Swamp:1:  layout_basic_swamp, evilmike_swamp_ruin_rubble_2,
          infiniplex_staircase_pool
Swamp:2:  layout_basic_swamp, evilmike_swamp_ruin_rubble_1, swamp_pool4
Swamp:3:  layout_basic_swamp, nicolae_swamp_orc_logging_accident, uniq_nikola
Swamp:4:  swamp_old_school, layout_basic_swamp, swamp_pool2, uniq_mlioglotl
Snake:1:  layout_basic
Snake:2:  gammafunk_sealed_library, layout_onion_interference, serial_shops,
          nicolae_square_shop, nicolae_take_the_stairs, shop, shop_fountains,
          nicolae_diamond_shop, serial_bayou_shore_b, uniq_roxanne
Snake:3:  nicolae_snake_hallway, layout_chambers, gammafunk_ghost_split,
          serial_shops, nicolae_shop_waterfront, portal_ice_cave_entry_dragon,
          nrook_loot_triangle, grunt_megastairs_3, serial_bayou_shore_b,
          uniq_aizul
Snake:4:  grunt_snake_rune_serpentine_throne, layout_cave_town,
          nicolae_snake_salamander_zone, minmay_shop_grove, uniq_asterion
Orc:1:    gammafunk_beogh_shrine, layout_caves
Orc:2:    kennysheep_orc_mage_school, layout_diamond_mine
Elf:1:    elf_arrival_001, layout_loops_cross, basic_altar,
          minmay_elf_demonology, david_defended_altar_elf
Elf:2:    nicolae_elf_blades_crystal_corner, layout_rooms,
          nicolae_shop_dragon_depot, uniq_louise
Elf:3:    minmay_elf_hall_not_hex, layout_gridlike, serial_shops,
          nicolae_shop_temple_entry_statues_fountains, guppyfry_elf_lava
Vaults:1: hangedman_vaults_snaps, st_cells, hangedman_vaults_nodes,
          v_alt_pattern_4, nicolae_vaults_shelves_hall, v_rooms_1, v_misc_32,
          v_misc_14, vaults_room_pools, v_pattern_2,
          nicolae_vaults_little_squares_3, ontoclasm_vaults_chip,
          layout_vaults_big_cross, serial_shops,
          nicolae_shop_bloodbath_and_beyond
Vaults:2: minmay_crypt_entry_simple_round, hangedman_vaults_slither,
          nicolae_vaults_yaktaur_gun_rack, nicolae_vaults_triangles,
          hangedman_vaults_hat, ontoclasm_vaults_fault, dpeg_vaults_monster_row,
          vaults_room_hangedman_quadrants, v_misc_11,
          nicolae_vaults_little_squares_5, nicolae_vaults_asterisk,
          nicolae_vaults_little_squares_2, vaults_room_hallway,
          nicolae_vaults_ring_of_whatevers, layout_vaults_omnibox
Vaults:3: gammafunk_ghost_mausoleum, hangedman_vaults_maws,
          vaults_dpeg_encased_lava, nicolae_vaults_network_s,
          vaults_room_octagon, v_misc_18, v_rooms_2, door_vault,
          nicolae_vaults_network_square, v_misc_3, vaults_dpeg_hooks,
          vaults_room_mumra_shop_pool, layout_vaults_ring,
          nicolae_trove_entry_columns, uniq_saint_roka, uniq_jory, uniq_sojobo
Vaults:4: mu_enter_wizlab_4, nicolae_vaults_hallways_thing,
          nicolae_vaults_network_star, vaults_mumra_minichess,
          hangedman_vaults_pinch, ontoclasm_vaults_shuriken,
          nicolae_vaults_statue_guard, ontoclasm_vaults_gateway,
          layout_vaults_big_room, serial_glass
Depths:1: layout_honeycomb, grunt_metal_band, serial_shops, nicolae_shop_stone,
          minmay_door_square, kennysheep_dice, serial_bayou_shore_a,
          minmay_shoptagon, firewood_loft, infiniplex_staircase_pool_lava
Depths:2: hangedman_box_tower, layout_gridlike, enter_ziggurat_e, hell_entry,
          nicolae_gozag_cash_rules_everything_around_me,
          abyss_entry_small_statue_room, rand_demon_pan_entry_4,
          kennysheep_generic_room_6

Skill      XL: |  1  2  3  4  5  6  7  8  9 10 11 12 13 14 15 16 17 18 19 20 21 |
---------------+----------------------------------------------------------------+-----
Spellcasting   | 2 3 4 5 6 8 9 11 12 13 15 17 18 19 20 | 20.8
Conjurations   | 4 5 6 7 8 10 11 12 14 15 17 19 20 21 | 21.0
Fighting       | 1 5 8 10 12 | 12.0
Evocations     | 1 5 7 10 11 | 11.1
Armour         | 3 |  3.0
Translocations | 3 |  3.0
Earth Magic    | 5 7 8 9 11 13 15 | 15.0
Necromancy     | 3 |  3.0
Fire Magic     | 4 6 9 10 | 10.0
Summonings     | 4 8 |  8.0
Dodging        | |  1.7
Stealth        | |  1.7

Action                   |  1- 3 |  4- 6 |  7- 9 | 10-12 | 13-15 | 16-18 | 19-21 || total
-------------------------+-------+-------+-------+-------+-------+-------+-------++-------
Melee: Unarmed           |    22 |       |       |       |       |       |       ||    22
       Dagger            |       |    11 |    33 |    15 |       |       |       ||    59
       Punch             |       |       |     1 |       |       |       |       ||     1
       Demon whip        |       |       |       |    29 |       |       |       ||    29
 Fire: Sling             |       |       |       |   355 |   582 |    41 |    45 ||  1023
Throw: Dart              |       |       |       |       |     1 |       |       ||     1
 Cast: Magic Dart        |   102 |    87 |    97 |    48 |    62 |    46 |       ||   442
       Searing Ray       |     1 |    14 |    54 |    40 |    25 |       |       ||   134
       Iskenderun's Myst |       |       |    13 |   175 |   236 |    83 |    59 ||   566
       Mephitic Cloud    |       |       |       |     2 |    16 |     2 |       ||    20
       Lee's Rapid Decon |       |       |       |       |   181 |   256 |   196 ||   633
       Stone Arrow       |       |       |       |       |    88 |    40 |       ||   128
       Iskenderun's Batt |       |       |       |       |    12 |    13 |     2 ||    27
       Hailstorm         |       |       |       |       |    17 |    18 |    13 ||    48
       Fireball          |       |       |       |       |       |   158 |    26 ||   184
       Starburst         |       |       |       |       |       |    38 |    21 ||    59
       Borgnjor's Vile C |       |       |       |       |       |     6 |     8 ||    14
       Swiftness         |       |       |       |       |       |     1 |       ||     1
       Iron Shot         |       |       |       |       |       |    88 |   454 ||   542
       Spellforged Servi |       |       |       |       |       |       |     4 ||     4
Evoke: Wand              |       |       |     1 |     4 |     2 |     9 |     6 ||    22
       Lightning rod     |       |       |       |       |     5 |    12 |     7 ||    24
       Condenser vane    |       |       |       |       |     1 |     3 |     2 ||     6
       Phantom mirror    |       |       |       |       |       |       |     3 ||     3
       Phial of floods   |       |       |       |       |       |       |     1 ||     1
  Use: Scroll            |       |       |    11 |     4 |    12 |    18 |    12 ||    57
       Potion            |       |       |       |       |     3 |       |     4 ||     7
Armor: Robe              |     4 |     2 |     9 |       |       |       |       ||    15
       Leather armour    |       |       |       |    97 |   108 |     4 |       ||   209
       Fire dragon scale |       |       |       |       |    56 |       |       ||    56
       Troll leather arm |       |       |       |       |       |    62 |    33 ||    95
Dodge: Dodged            |    19 |    12 |    63 |   161 |   178 |    86 |    81 ||   600
Block: Buckler           |       |       |       |       |       |    32 |    36 ||    68
       Reflection        |       |       |       |       |       |     6 |    26 ||    32
